 Dungeon Crawl Stone Soup version 0.29.1-14-g9c671dbff4 (webtiles) character file.

Game seed: 10895118869216637209

66 zeram the Covered (level 4, -5/28 HPs)
             Began as a Gargoyle Fighter on Feb 19, 2023.
             Killed by divine providence
             ... invoked by an orc priest
              (17 damage)
             ... on level 3 of the Dungeon.
             The game lasted 00:02:38 (2172 turns).

zeram the Covered (Gargoyle Fighter)                Turns: 2172, Time: 00:02:40

Health: -5/28      AC: 11    Str: 22    XL:     4   Next: 15%
Magic:  4/4        EV:  9    Int:  8    God:
Gold:   139        SH:  4    Dex:  9    Spells: 3/3 levels left

rFire   . . .      SeeInvis .   a - +0 flail
rCold   . . .      Faith    .   c - +0 buckler
rNeg    + . .      Spirit   .   b - +0 scale mail
rPois   ∞          Reflect  .   (no helmet)
rElec   +          Harm     .   i - +0 cloak
rCorr   .          Rampage  .   (no gloves)
Will    .....                   (no boots)
Stlth   ..........              (no amulet)
HPRegen 0.09/turn               (no ring)
MPRegen 0.09/turn               (no ring)

@: no status effects
A: sickness immunity, AC +3, negative energy resistance 1, electricity
resistance, torment resistance 1, petrification resistance
a: no special abilities


You were on level 3 of the Dungeon.
You visited 1 branch of the dungeon, and saw 3 of its levels.

You collected 139 gold pieces.

Inventory:

Hand Weapons
 a - a +0 flail (weapon)
Missiles
 k - a throwing net (quivered)
Armour
 b - a +0 scale mail (worn)
 c - a +0 buckler (worn)
 i - a +0 cloak (worn)
Scrolls
 h - a scroll of teleportation
Potions
 d - a potion of might
 e - a potion of curing {unknown}
 f - 3 potions of mutation
 g - a potion of flight
 j - a potion of berserk rage


   Skills:
 - Level 3.2 Fighting
 + Level 3.0 Maces & Flails
 + Level 4.1 Armour
 + Level 0.2 Dodging
 + Level 3.9 Shields


You had 3 spell levels left.
You didn't know any spells.
Your spell library contained the following spells:

 Spells                   Type           Power      Damage    Failure   Level
 Dazzling Flash           Conj/Hex       0%         N/A       99%         3
 Gell's Gravitas          Tloc           0%         N/A       99%         3
 Lesser Beckoning         Tloc           0%         N/A       99%         3
 Teleport Other           Tloc           0%         N/A       99%         3
 Airstrike                Air            0%         2d(0-16)  100%        4
 Iskenderun's Mystic Bla  Conj/Tloc      0%         2d3       100%        4
 Summon Lightning Spire   Summ/Air       0%         N/A       100%        4
 Lightning Bolt           Conj/Air       0%         1d11      100%        5
 Starburst                Conj/Fire      0%         6d3       100%        6


Dungeon Overview and Level Annotations

Branches:
Dungeon (3/15)

Altars:
Makhleb


Innate Abilities, Weirdness & Mutations

You are immune to sickness and miasma.
Your stone body is resilient. (AC +3)
You are immune to poison.
You resist negative energy. (rN+)
You are resistant to electric shocks. (rElec)
You are resistant to unholy torment.
You are immune to petrification.


Message History

The orc is severely wounded.
The orc shouts!
You hear a shout!
The orc hits you but does no damage.
You barely miss the orc. The orc hits you but does no damage. x2
You hit the orc.
The orc is moderately wounded.
The orc closely misses you. The orc hits you but does no damage.
You hit the orc.
The orc is heavily wounded.
You block the orc's attack. The orc hits you but does no damage.
You hit the orc.
You kill the orc!
The orc hits you from afar with a +0 trident.
An orc and an orc priest come into view.
The orc shouts!
The orc priest shouts!
The orc barely misses you.
Items here: ( ) [ †.
You thump the orc!
You kill the orc!
The orc priest mumbles some strange prayers to Beogh against you.
Beogh smites you!
You are too injured to fight recklessly!
There are monsters nearby!
You are too injured to fight recklessly!
You are too injured to fight recklessly!
You are too injured to fight recklessly!
You are too injured to fight recklessly!
You hit the orc priest.
The orc priest is moderately wounded.
The orc priest barely misses you.
You closely miss the orc priest.
The orc priest is moderately wounded.
The orc priest hits you but does no damage.
You hit the orc priest.
The orc priest is heavily wounded.
The orc priest hits you but does no damage.
The orc priest mumbles some strange prayers to Beogh against you.
Beogh smites you!
Ouch! That really hurt!
You die...

#######.#####
.............
#######.#####
#...†..
#########..####
#..........#
#.#######.##
#####.#### #.#
#.@..)...# #.#
#o###.##.# #.#
#o #.# # #.# #.
#.# #.# #. #.#
#.# #. #.# #.
..# #. ##


You could see an orc priest and an orc.

Vanquished Creatures
  An adder (D:2)
  A worm (D:2)
  7 orcs (D:3)
  6 ball pythons
  An endoplasm (D:1)
  2 giant cockroaches
  4 goblins
  5 hobgoblins
  3 kobolds
  5 quokkas
  3 bats
  3 frilled lizards
  A rat (D:2)
42 creatures vanquished.

Notes
Turn   | Place    | Note
-------+----------+-------------------------------------------
     0 | D:1      | zeram the Gargoyle Fighter began the quest for the Orb.
     0 | D:1      | Reached XP level 1. HP: 14/14 MP: 1/1
     6 | D:1      | Noticed a salamander
     6 | D:1      | Noticed a polar bear
     7 | D:1      | Noticed an iguana
     7 | D:1      | Noticed a swamp worm
   333 | D:1      | Reached XP level 2. HP: 14/19 MP: 2/2
  1084 | D:2      | Reached XP level 3. HP: 23/23 MP: 3/3
  1223 | D:2      | Found a faded altar of an unknown god.
  1593 | D:2      | Found a burning altar of Makhleb.
  1957 | D:2      | Reached skill level 4 in Armour
  2072 | D:3      | Reached XP level 4. HP: 26/28 MP: 4/4
  2172 | D:3      | Killed from afar by an orc priest

Illustrated notes

Levels and vault maps discovered:
D:1:      onia_arrival_zoo_common, layout_basic
D:2:      minmay_door_path, layout_basic, shapermc_ecumenical_altar_notcrosses,
          basic_altar
D:3:      layout_loops_ring, serial_glass, glass_columns_b, glass_columns_a

Skill      XL: |  1  2  3  4 |
---------------+-------------+-----
Armour         | 4 |  4.1
Maces & Flails | 3 |  3.0
Fighting       | |  3.2
Dodging        | |  0.2
Shields        | |  3.9

Action                   |  1- 3 |  4- 6 || total
-------------------------+-------+-------++-------
Melee: Flail             |   128 |    26 ||   154
  Use: Scroll            |     7 |       ||     7
Armor: Scale mail        |    71 |    14 ||    85
Dodge: Dodged            |    54 |    14 ||    68
Block: Buckler           |    21 |     6 ||    27
